 Dungeon Crawl Stone Soup version 0.17.0-7-gfadd4cc (webtiles) character file.

301 septik the Insei (level 6, -6/38 HPs)
             Began as an Octopode Transmuter on Nov 8, 2015.
             Mangled by an ice beast (9 damage)
             ... on level 4 of the Dungeon.
             The game lasted 00:15:39 (4621 turns).

septik the Insei (Octopode Transmuter)              Turns: 4621, Time: 00:15:39

Health: -6/38      AC:  1    Str: 10    XL:     6   Next: 37%
Magic:  2/9        EV: 12    Int: 15    God:
Gold:   177        SH:  0    Dex: 14    Spells: 3 memorised, 3 levels left

rFire  . . .     SeeInvis .       - Unarmed
rCold  . . .     Clarity  .     (no shield)
rNeg   . . .     SustAt   .     (helmet restricted)
rPois  .         Gourm    .     (no amulet)
rElec  .         Spirit   .     (no ring)
rCorr  .         Warding  .     (no ring)
rMut   .         Stasis   .     (no ring)
MR     .....                    (no ring)
Stlth  ++........               (no ring)
                                (no ring)
                                (no ring)
                                (no ring)

@: appendage (expiring), not resistant to hostile enchantments, unstealthy
A: almost no armour, amphibious, 8 rings, constrict 8, tentacle spike 3,
camouflage 1, gelatinous body 1
a: End Transformation


You were on level 4 of the Dungeon.
You were not hungry.
One of your tentacles had a temporary spike.
You visited 1 branch of the dungeon, and saw 4 of its levels.

You collected 177 gold pieces.

Inventory:

Hand Weapons
 a - a +0 blowgun
 g - a +2 whip of venom
 s - a +0 dagger
 v - a +0 hunting sling
Missiles
 d - 66 arrows
 e - 55 stones (quivered)
 l - 8 tomahawks
 n - 5 curare-tipped needles
 p - 12 poisoned needles
 u - 8 needles of slowing
 D - 16 sling bullets
Armour
 q - a +0 shield
Jewellery
 z - an uncursed amulet of resist mutation {unknown}
Wands
 y - a wand of slowing (36)
Scrolls
 h - a scroll of immolation
 k - a scroll of identify
 m - a scroll of magic mapping
 A - a scroll of recharging {unknown}
 C - a scroll of remove curse
Potions
 i - a potion of flight
 j - 2 potions of heal wounds
 o - 2 potions of agility {unknown}
 r - a potion of poison
 w - a potion of curing
 B - 2 potions of haste {unknown}
Books
 b - a book of Changes

   Spells                             Type                      Level
   a - Beastly Appendage              Transmutation                1
   b - Sticks to Snakes               Transmutation                2
   c - Spider Form                    Transmutation/Poison         3
   d - Ice Form                       Ice/Transmutation            4
   e - Blade Hands                    Transmutation                5
Comestibles
 c - 5 bread rations
 f - 2 fruits
 t - 3 meat rations
 x - 7 chunks of flesh


   Skills:
 - Level 1.0 Fighting
 - Level 2.0 Dodging
 - Level 5.0 Unarmed Combat
 - Level 2.0 Spellcasting
 * Level 3.4 Transmutations
 + Level 4.3 Poison Magic


You had 3 spell levels left.
You knew the following spells:

 Your Spells              Type           Power        Failure   Level  Hunger
a - Beastly Appendage     Trmt           ##....       8%          1    #......
b - Spider Form           Trmt/Pois      ##........   17%         3    ###....
c - Sticks to Snakes      Trmt           ##........   12%         2    ###....


Dungeon Overview and Level Annotations

Branches:
Dungeon (4/15)
 Temple: D:4-7

Altars:
Cheibriados

Shops:
D:4 *

Annotations:
D:3 exclusion: downstairs


Innate Abilities, Weirdness & Mutations

You cannot wear most types of armour.
You are amphibious.
You can wear up to eight rings at the same time.
You can use your tentacles to constrict eight enemies at once.
Your skin changes colour to match your surroundings (Stealth).
Your rubbery body absorbs attacks (AC +1).
One of your tentacles bears a large vicious spike.


Message History

Unknown command.
You tentacle-slap the ice beast.
You pierce the ice beast, but do no damage.
The ice beast is moderately wounded.
Your ball python bites the ice beast but does no damage.
Your adder bites the ice beast but does no damage.
The ice beast hits you. The ice beast freezes you!
* * * LOW HITPOINT WARNING * * *
Your ball python bites the ice beast.
Your adder closely misses the ice beast.
Your ball python bites the ice beast but does no damage.
Your adder barely misses the ice beast.
Your ball python barely misses the ice beast.
Your adder bites the ice beast but does no damage.
Your transformation is almost over.
Your adder bites the ice beast but does no damage.
The ice beast hits you.
* * * LOW HITPOINT WARNING * * *
The ice beast freezes you!
You die...

#.# #...# #.# #...#### #.#####
#.......
##########.....#####...##########
.......................#.........
.................###.#.#.######.#
##########.....#.# #.#.#.######.#
# ########.....#.###.#.#.##.....#
. ..............@YS.S....>##.####
# ########.....#.###..S..........
#.......#..####.######.##.
#.......##.####.#.......#
#...#........##.#.###.###.
#..............S..........
#...#........##.#.########
#...#........##.#.........
#...#...........#..#######


You could see an ice beast, a friendly adder and 2 friendly ball pythons.

Vanquished Creatures
  2 scorpions
  2 hounds (D:4)
  5 adders
  A gnoll (D:4)
  An ooze (D:1)
  3 worms
  3 giant geckos
  2 orcs
  9 bats
  5 giant cockroaches
  16 goblins
  5 hobgoblins
  2 quokkas
  5 giant newts
  10 kobolds
  9 rats
80 creatures vanquished.

Notes
Turn   | Place    | Note
--------------------------------------------------------------
     0 | D:1      | septik the Octopode Transmuter began the quest for the Orb.
     0 | D:1      | Reached XP level 1. HP: 13/13 MP: 3/3
   154 | D:1      | Reached XP level 2. HP: 9/18 MP: 5/5
   589 | D:1      | Reached skill level 4 in Unarmed Combat
   824 | D:1      | Reached XP level 3. HP: 21/23 MP: 4/6
   889 | D:1      | Learned a level 3 spell: Spider Form
  1473 | D:2      | HP: 1/23 [poisoned by an adder]
  1548 | D:2      | Reached XP level 4. HP: 28/28 MP: 7/7
  2022 | D:2      | Reached skill level 5 in Unarmed Combat
  2305 | D:3      | Reached XP level 5. HP: 9/33 MP: 6/8
  3577 | D:4      | Reached XP level 6. HP: 16/38 MP: 7/9
  3789 | D:4      | Found Nymesmiu's General Store.
  3812 | D:4      | Noticed an ice beast
  4392 | D:3      | Learned a level 2 spell: Sticks to Snakes
  4432 | D:4      | Found a snail-covered altar of Cheibriados.
  4621 | D:4      | Mangled by an ice beast

Action                   |  1- 3 |  4- 6 || total
-------------------------+-------+-------++-------
Melee: Unarmed           |    71 |   122 ||   193
       Whip              |     5 |       ||     5
 Fire: Hunting sling     |     1 |    18 ||    19
Throw: Stone             |     9 |     4 ||    13
 Cast: Beastly Appendage |    13 |    14 ||    27
       Spider Form       |       |     7 ||     7
       Sticks to Snakes  |       |     4 ||     4
  Use: Potion            |     1 |     1 ||     2
       Scroll            |       |     8 ||     8
 Stab: Sleeping          |     4 |     9 ||    13
  Eat: Chunk             |     2 |    11 ||    13
       Fruit             |       |     1 ||     1
